 Dungeon Crawl Stone Soup version 0.29-a0-352-g0917bc69df (webtiles) character file.

Game seed: 17225226700469729536

4 NinjaNoafa the Chopper (level 1, 0/20 HPs)
             Began as a Hill Orc Monk on Apr 23, 2022.
             Slain by a giant cockroach (1 damage)
             ... on level 1 of the Dungeon.
             The game lasted 00:00:41 (202 turns).

NinjaNoafa the Chopper (Hill Orc Monk)               Turns: 202, Time: 00:00:42

Health: 0/20       AC:  2    Str: 13    XL:     1   Next: 60%
Magic:  1/1        EV: 12    Int: 10    God:
Gold:   0          SH:  0    Dex: 13    Spells: 0/0 levels left

rFire   . . .      SeeInvis .   a - +0 hand axe
rCold   . . .      Faith    .   (no shield)
rNeg    . . .      Spirit   .   b - +0 robe
rPois   .          Reflect  .   (no helmet)
rElec   .          Harm     .   (no cloak)
rCorr   .          Rampage  .   (no gloves)
Will    .....                   (no boots)
Stlth   ++........              (no amulet)
HPRegen 0.06/turn               (no ring)
MPRegen 0.07/turn               (no ring)

@: no status effects
A: no striking features
a: no special abilities


You were on level 1 of the Dungeon.
You visited 1 branch of the dungeon, and saw 1 of its levels.

Inventory:

Hand Weapons
 a - a +0 hand axe (weapon)
Missiles
 d - 11 stones (quivered)
Armour
 b - a +0 robe (worn)
Potions
 c - a potion of ambrosia


   Skills:
 * Level 3.7 Fighting
 + Level 4.1 Axes
 - Level 0.3 Armour
 * Level 2.4 Dodging
 + Level 1.6 Stealth


You couldn't memorise any spells.
You didn't know any spells.
Your spell library was empty.

Dungeon Overview and Level Annotations

Branches:
Dungeon (1/15)

Altars:


Message History

The quokka is moderately wounded.
The quokka bites you.
A frilled lizard comes into view.
The quokka bites you.
You hit the quokka.
The quokka is heavily wounded.
The quokka closely misses you. The quokka attacks as you move away!
The quokka barely misses you.
You hit the quokka.
You kill the quokka!
The kobold hits you with a +0 short sword.
You barely miss the kobold.
You hit the frilled lizard but do no damage.
The frilled lizard bites you.
The kobold hits you with a +0 short sword.
The giant cockroach attacks as you move away!
The giant cockroach bites you.
* * * LOW HITPOINT WARNING * * *
The kobold hits you with a +0 short sword.
* * * LOW HITPOINT WARNING * * *
The frilled lizard attacks as you move away!
The frilled lizard bites you but does no damage.
The kobold hits you with a +0 short sword.
* * * LOW HITPOINT WARNING * * *
Found a scroll labelled KAFRAG JATHROPN.
The giant cockroach attacks as you move away!
The giant cockroach barely misses you. The kobold attacks as you move away!
The kobold hits you but does no damage.
The giant cockroach attacks as you move away!
The giant cockroach bites you but does no damage.
A giant cockroach comes into view.
The frilled lizard attacks as you move away!
The frilled lizard closely misses you. The kobold attacks as you move away!
The kobold barely misses you.
A kobold comes into view. It is wielding a +0 dagger.
The giant cockroach bites you.
* * * LOW HITPOINT WARNING * * *
The giant cockroach attacks as you move away!
The giant cockroach bites you.
You die...

### #......>......#..
.....###.............#.#
............. ........#
............####.(......
....K#......#......#.#..
.....#...........###....
..B.?...K........#......
.......#l.......##.#....
.......@B...............
.....#####.#####.###....
#.# #.# #.#...#.. ###
###.###.†.. #..>..#..##
#.###.#..# #.# #<#..#
### ###..# ...#


You could see 2 giant cockroaches, 2 kobolds and a frilled lizard.

Vanquished Creatures
  A giant cockroach (D:1)
  A quokka (D:1)
  A bat (D:1)
  A frilled lizard (D:1)
4 creatures vanquished.

Notes
Turn   | Place    | Note
-------+----------+-------------------------------------------
     0 | D:1      | NinjaNoafa the Hill Orc Monk began the quest for the Orb.
     0 | D:1      | Reached XP level 1. HP: 19/19 MP: 1/1
   201 | D:1      | HP: 1/20 [giant cockroach (1)]
   202 | D:1      | Slain by a giant cockroach

Illustrated notes

Levels and vault maps discovered:
D:1:      evilmike_arrival_hilbert_curve, layout_rooms, basic_ecumenical_altar

Action                   || total
-------------------------++-------
Melee: Hand axe          ||    16
Armor: Robe              ||    12
Dodge: Dodged            ||    18

Table legend: (Time is in decaauts)
 A = Elapsed time spent in this place.
 B = Non-inter-level travel time spent in this place.
 C = Inter-level travel time spent in this place.
 D = Time resting spent in this place.
 E = Time spent auto-exploring this place.
 F = Levels seen in this place.
 G = Mean time per level.
                   A        B        C        D        E       F      G
               +--------+--------+--------+--------+--------+-----+--------+
         Total |    203 |    203 |      0 |      0 |    159 |   1 |  203.0 |
       Dungeon |    203 |    203 |      0 |      0 |    159 |   1 |  203.0 |
               +--------+--------+--------+--------+--------+-----+--------+

Top non-repeatable levels by time:
     D:1: 203 daAuts
